Construct Infanterie Kompanie
Selects Mechanized Battlegroup
Construct Panzergrenadier Kompanie
Pak 40 Anti-tank Gun Team
Nebelwerfer 42 Rocket Launcher Team
Selects Wespe Self-propelled Artillery
Wespe Self-propelled Artillery
Wespe Self-propelled Artillery
Panzergrenadier Officer Quarters
Selects Zeroing Artillery Barrage
Wespe Self-propelled Artillery
Nebelwerfer 42 Rocket Launcher Team
Zeroing Artillery Barrage
Selects 8 Rad Armored Car
Selects Panther Heavy Tank
Wespe Self-propelled Artillery